Me, chaotic male human Monk ----- |<..--- |...).-.0@ --..|.%.I| --.|-.... ---..... --. 0 0 0 Me the Initiate Experience level: 7 Strength: 18/01 Dexterity: 15 Constitution: 14 Intelligence: 8 Wisdom: 11 Charisma: 9 Health: 0(46) Energy: 18(32) AC: 2 Gold: 289 Moves: 1248 Your Inventory: Coins $ - 289 gold pieces Weapons n - a cursed [+0] crossbow (weapon in hand) r - 24 [uncursed +0] darts s - 8 [uncursed +1] darts u - 15 [uncursed +0] crossbow bolts (in quiver) D - 8 [cursed +0] darts [of frost] M - an [uncursed +0] sling Armor a - a blessed +2 pair of leather gloves (being worn) b - a blessed +1 robe (being worn) x - an [uncursed] +0 pair of iron shoes [of fire resistance] (being worn) Comestibles g - 4 uncursed food rations h - 6 uncursed apples i - 5 uncursed oranges j - 5 uncursed fortune cookies F - 10 [cursed] apples G - 8 [cursed] carrots H - a [cursed] food ration I - 2 [cursed] lichen corpses Q - a [cursed] partly eaten carrot R - a [cursed] partly eaten carrot Scrolls z - 4 [uncursed] unlabeled scrolls [of blank paper] Spellbooks c - a blessed spellbook of sleep q - an [uncursed] spellbook of knock Potions e - 2 uncursed potions of healing f - a blessed potion of healing Tools t - an [uncursed +0] pick-axe v - 5 [uncursed tallow] candles y - an [uncursed] partly used [wax] candle (lit) J - a [cursed wax] candle L - 2 [cursed tallow] candles Gems p - an [uncursed] orange gem [worthless glass] w - an [uncursed] red gem [jasper] Spells known in the end: Name Level Category Fail Memory a - sleep 1 enchantment 0% [||||||||] b - knock 1 matter 0% [||||||||] Your skills at the end: Fighting Skills martial arts [Basic / Grand Master] Weapon Skills Spellcasting Skills healing spells [Basic / Expert] Final Attributes: You were devoutly aligned. Hunger level was 93. Your alignment was 15 / 16. Monster difficulty range was 0 - 6. Level difficulty was 5. You were immune to fire. You were immune to sleep. You were immune to poison. You were blinded. You saw invisible. You were warned. You were stealthy. You were fast. Your luck was zero. You are dead. Vanquished creatures: a ghost 2 small mimics a yellow light 2 gnome lords a paper golem a kitten 5 dwarves 3 hobbits a large kobold a cave spider a green mold 19 gnomes 2 geckos 4 jackals a goblin 4 grid bugs 2 newts 51 creatures vanquished. Voluntary challenges: You were an atheist. You pretended to be a vegetarian. You used a wielded weapon 13 times. You read items or engraved 5 times. You put on armor 4 times. You never genocided any monsters. You never polymorphed an object. You never changed form. You used no wishes. You never wrote Elbereth's name. You encountered 1 bones level. You never used any Sokoban shortcuts. Dungeon overview: The Dungeons of Doom: levels 1 to 2 Level 1 a fountain a long staircase Level 2 a weapon shop, a fountain stairs to The Gnomish Mines The Gnomish Mines: levels 3 to 5 Level 3 stairs to The Dungeons of Doom Level 5 <- You were here History has recorded: On T:1 you entered the Dungeons of Doom to retrieve the Amulet of Yendor! On T:170 you reached level 2 of The Dungeons of Doom. On T:321 you advanced to experience level 2. On T:366 you advanced to experience level 3. On T:440 you advanced to experience level 4. On T:474 you advanced to experience level 5. On T:549 you reached level 1 of The Gnomish Mines. On T:588 you advanced to experience level 6. On T:833 you reached level 2 of The Gnomish Mines. On T:939 you advanced to experience level 7. On T:1158 you reached level 3 of The Gnomish Mines. Latest messages: You hear crashing rock. [HP+1=46] It hits! [HP-5=41] It hits! [HP-8=33] It hits! [HP-7=26] It hits! [HP-4=22] It misses. It explodes! You seem unaffected by it. It hits! [HP-6=16] It misses. You hear the chime of a cash register. [HP+1=17] It just misses! It hits! [HP-8=9] It hits! You die... Final status: Punardarsanaya Me the Monk... You died in The Gnomish Mines on dungeon level 5 with 2239 points, and 289 pieces of gold, after 1248 moves. You were level 7 with a maximum of 46 hit points when you died.